 Dungeon Crawl Stone Soup version 0.17-a0-777-g32247ce (console) character file.

386 lauthentik the Covered (level 6, -1/53 HPs)
             Began as a Hill Orc Fighter on Apr 25, 2015.
             Was an Initiate of Elyvilon.
             Slain by a slave (2 damage)
             ... led by Pikel
             ... on level 4 of the Dungeon.
             The game lasted 00:11:15 (2544 turns).

lauthentik the Covered (Hill Orc Fighter)           Turns: 2544, Time: 00:11:16

Health: -1/53      AC:  8    Str: 19    XL:     6   Next: 78%
Magic:  6/6        EV:  8    Int:  8    God:    Elyvilon [......]
Gold:   162        SH: 10    Dex: 12    Spells: 0 memorised, 5 levels left

rFire  . . .     SeeInvis .     f - +1 whip (venom)
rCold  . . .     Clarity  .     b - +0 scale mail
rNeg   . . .     SustAb   .     n - +0 shield
rPois  .         Gourm    .     (no helmet)
rElec  .         Spirit   .     (no cloak)
rCorr  .         Warding  .     v - +0 pair of gloves
rMut   +         Stasis   .     (no boots)
MR     .....                    w - amulet of resist mutation
Stlth  ..........               (no ring)
                                (no ring)

@: not resistant to hostile enchantments, extremely unstealthy
A: no striking features
a: Renounce Religion


You were on level 4 of the Dungeon.
You worshipped Elyvilon.
Elyvilon was noncommittal.
You were hungry.

You visited 1 branch of the dungeon, and saw 4 of its levels.

You collected 162 gold pieces.

Inventory:

Hand weapons
 a - a +0 flail
 f - a +1 whip of venom (weapon)
Missiles
 g - 9 tomahawks (quivered)
Armour
 b - a +0 scale mail (worn)
 c - a +0 shield
 n - a +0 shield (worn)
 v - a +0 pair of gloves (worn)
Jewellery
 w - an amulet of resist mutation (around neck)
Magical devices
 F - a wand of digging (6)
Scrolls
 h - a scroll of magic mapping {unknown}
 j - a scroll of amnesia {unknown}
 l - 2 scrolls of enchant armour {unknown}
 o - a scroll of fog {unknown}
 p - 7 scrolls of identify {unknown}
 q - 3 scrolls of remove curse {unknown}
 t - a scroll of enchant weapon {unknown}
 y - a scroll of blinking {unknown}
 B - 2 scrolls of teleportation {unknown}
 D - a scroll of recharging {unknown}
Potions
 d - a potion of might
 i - a potion of magic
 m - 4 potions of curing
 r - a potion of poison {unknown}
 s - a potion of cure mutation {unknown}
 x - a potion of heal wounds {unknown}
 z - a potion of haste {unknown}
 C - a potion of resistance {unknown}
Comestibles
 e - 5 bread rations
 k - 3 meat rations
 u - a royal jelly
 A - a beef jerky
 E - a chunk of flesh


   Skills:
 + Level 4.4 Fighting
 + Level 3.2 Maces & Flails
 + Level 0.2 Throwing
 + Level 5.2 Armour
 - Level 2.0 Dodging
 + Level 0.1 Stealth
 + Level 5.1 Shields


You had 5 spell levels left.
You didn't know any spells.

Dungeon Overview and Level Annotations

Branches:
Dungeon (4/15)
 Temple: D:4-7

Altars:
Elyvilon

Annotations:
D:4 Pikel


Message History

You block Pikel's attack. The kobold hits you but does no damage.
The gnoll closely misses you. The slave hits you.
You hit Pikel.
Pikel is moderately wounded.
You kill the slave!
That felt strangely unrewarding.
Pikel hits you with a whip of electrocution.
The kobold barely misses you. You block the slave's attack.
The gnoll hits you but does no damage.
You closely miss Pikel.
Pikel is heavily wounded.
Pikel barely misses you. The kobold barely misses you.
The slave barely misses you.
You closely miss the kobold.
The gnoll hits you from afar with a halberd!
* * * LOW HITPOINT WARNING * * *
Pikel hits you but does no damage.
You are electrocuted!
* * * LOW HITPOINT WARNING * * *
The kobold hits you but does no damage. The slave hits you.
You die... >.......<#### .........# .........# . .........# ##### #.## .........# #...## #..## .........# #..?. gK..

####.###.# ... #..# #
#...# #.# #K# #..# .
#.### #.#######@## #..#.#
#.#
##.......K#p####..#.##..
#.#
#...######.pgK.gg........
#.# #.#.#
#.#####g........ #.#
#.#.# ##p.####.#######.
##.####.#.# #........#
..........#####.#.######
##.####(........#.# #.#
###.#######p#


You could see Pikel, 2 slaves, a gnoll and 2 kobolds.

Vanquished Creatures
  Sigmund (D:2)
  A slave (D:4)
  A jelly (D:4)
  2 orc wizards (D:3)
  7 adders
  An ooze (D:2)
  A worm (D:4)
  3 giant geckos
  6 orcs (D:3)
  A bat skeleton (D:4)
  A giant cockroach (D:3)
  11 goblins
  5 hobgoblins
  3 jackals (D:2)
  3 quokkas
  A ball python (D:3)
  7 bats
  3 giant newts
  9 kobolds
  4 rats
71 creatures vanquished.

Notes
Turn   | Place    | Note
--------------------------------------------------------------
     0 | D:1      | lauthentik, the Hill Orc Fighter, began the quest for the Orb.
     0 | D:1      | Reached XP level 1. HP: 19/19 MP: 1/1
   132 | D:1      | Reached XP level 2. HP: 24/27 MP: 2/2
   587 | D:2      | Reached XP level 3. HP: 28/33 MP: 3/3
   865 | D:2      | Reached skill level 4 in Armour
  1120 | D:2      | Noticed Sigmund
  1131 | D:2      | Killed Sigmund
  1131 | D:2      | Reached skill level 1 in Dodging
  1131 | D:2      | Reached XP level 4. HP: 9/40 MP: 4/4
  1131 | D:2      | Reached XP level 5. HP: 10/46 MP: 5/5
  1551 | D:2      | Reached XP level 6. HP: 50/52 MP: 6/6
  1772 | D:3      | Reached skill level 5 in Armour
  2217 | D:3      | Reached skill level 5 in Shields
  2347 | D:4      | Found a white marble altar of Elyvilon.
  2364 | D:4      | Became a worshipper of Elyvilon the Healer
  2513 | D:4      | Noticed Pikel
  2544 | D:4      | HP: 1/53 [Pikel/whip of electrocution (11)]
  2544 | D:4      | Slain by a slave

Action                   |  1- 3 |  4- 6 || total
-------------------------+-------+-------++-------
Melee: Flail             |    33 |       ||    33
       Whip              |    74 |   164 ||   238
Throw: Tomahawk          |       |     4 ||     4
  Use: Potion            |       |     2 ||     2
  Eat: Chunk             |     1 |     4 ||     5
